 Dungeon Crawl Stone Soup version 0.27-a0-34-gc18c9092ac (webtiles) character file.

Game seed: 12631062646729674309

196 robertstho the Skirmisher (level 5, 0/42 HPs)
             Began as a Demonspawn Abyssal Knight on Jan 4, 2021.
             Was a Believer of Lugonu.
             Succumbed to a worker ant's poison
             ... on level 4 of the Dungeon.
             The game lasted 00:03:51 (3435 turns).

robertstho the Skirmisher (DsAK)                    Turns: 3435, Time: 00:03:52

Health: 0/42       AC: 12    Str: 13    XL:     5   Next: 45%
Magic:  6/6        EV: -1    Int: 14    God:    Lugonu [**....]
Gold:   139        SH: 14    Dex: 12    Spells: 4/4 levels left

rFire    . . .     SeeInvis .   a - +1 falchion
rCold    . . .     Faith    .   c - +0 tower shield
rNeg     . . .     Spirit   .   n - +0 plate armour
rPois    .         Reflect  .   (no helmet)
rElec    .         Harm     .   (no cloak)
rCorr    .         Rampage  .   (no gloves)
Will     .....                  k - +0 pair of boots
Stlth    ..........             (no amulet)
HPRegen  0.14/turn              (no ring)
MPRegen  0.10/turn              (no ring)

@: lethally poisoned (0 -> -3)
A: talons 2, large bone plates 1
a: Renounce Religion, Depart the Abyss, Bend Space


You were on level 4 of the Dungeon.
You worshipped Lugonu.
Lugonu was pleased with you.
You visited 1 branch of the dungeon, and saw 4 of its levels.
You visited the Abyss 1 time.

You collected 139 gold pieces.

Inventory:

Hand Weapons
 a - a +1 falchion (weapon)
Armour
 c - a +0 tower shield (worn)
 k - a +0 pair of boots (worn)
 n - a +0 plate armour (worn)
Scrolls
 b - a scroll of noise {unknown}
 d - 4 scrolls of identify {unknown}
 g - a scroll of amnesia {unknown}
 i - a scroll of teleportation {unknown}
 l - a scroll of enchant armour {unknown}
 o - a scroll of immolation {unknown}
 p - 2 scrolls of blinking {unknown}
 r - a scroll of magic mapping {unknown}
 s - a scroll of enchant weapon {unknown}
Potions
 e - a potion of berserk rage {unknown}
 f - 2 potions of magic {unknown}
 h - a potion of mutation {unknown}
 j - a potion of heal wounds {unknown}
 m - 2 potions of brilliance {unknown}
 q - a potion of haste {unknown}
 t - a potion of resistance {unknown}


   Skills:
 + Level 4.1 Fighting
 + Level 3.6 Long Blades
 + Level 2.6 Armour
 + Level 1.4 Dodging
 + Level 0.5 Shields
 + Level 2.5 Invocations


You had 4 spell levels left.
You didn't know any spells.
Your spell library was empty.

Dungeon Overview and Level Annotations

Branches:
Dungeon (4/15)
 Temple: D:4-7

Altars:
Gozag
Hepliaklqana

Annotations:
D:3 3 runed translucent doors, Rennog's ghost, amateur GnWn; SkiChan's ghost, amateur OpTm; WaxSun's ghost, amateur KoAr
D:4 Pikel


Innate Abilities, Weirdness & Mutations

You have razor-sharp toenails.
You are partially covered in large bone plates. (SH +4)


Message History

The quokka is moderately wounded.
You feel sick.
The quokka bites you but does no damage.
Pikel completely misses you. You block the worker ant's attack.
The orc priest casts a cantrip, but nothing happens.
You block the lemure's attack. The quokka bites you.
Pikel hits you with a +2 whip of electrocution.
You are electrocuted!!
* * * LOW HITPOINT WARNING * * *
You miss the quokka.
The quokka is moderately wounded.
You block the worker ant's attack.
The quokka bites you but does no damage.
The lemure hits you.
* * * LOW HITPOINT WARNING * * *
You block the orc's attack. You block Pikel's attack.
The worker ant completely misses you.
You closely miss the quokka.
The quokka is moderately wounded.
You die...

.###... ........##
........w.## ##
............# ...
...........B# ..^.
.........ZZ5# .....
.........5KB#......
......($.55@rS.....
###..(..ooo##......
........ooS........
.......<..o.#....##
..........o.# ####
...............
................
.#..........###.
..............


You could see Pikel, 4 lemures, a worm, 2 worker ants, an orc priest, 3 orc
wizards, 2 adders, 3 orcs, a quokka, a water moccasin skeleton and a quokka
skeleton.

Vanquished Creatures
  A hound (D:3)
  A worker ant zombie (D:3)
  3 gnolls (D:2)
  4 adders
  An ooze (D:1)
  2 dart slugs
  3 leopard geckos
  An orc (D:3)
  2 ball pythons
  5 giant cockroaches
  12 goblins
  5 hobgoblins
  7 jackals (D:1)
  A quokka (D:3)
  10 bats
  8 frilled lizards
  6 kobolds
  8 rats
80 creatures vanquished.

Vanquished Creatures (others)
  4 withered plants (D:3)
4 creatures vanquished.

Grand Total: 84 creatures vanquished

Notes
Turn   | Place    | Note
-------+----------+-------------------------------------------
     0 | Abyss:1  | robertstho the Demonspawn Abyssal Knight began the quest
                  | for the Orb.
     0 | Abyss:1  | Reached XP level 1. HP: 18/18 MP: 2/2
    12 | Abyss:1  | Found a corrupted altar of Lugonu.
   110 | Abyss:1  | Noticed a chaos spawn
   137 | D:1      | Escaped the Abyss
   390 | D:1      | Reached * piety under Lugonu
   400 | D:1      | Gained mutation: You have sharp toenails. [demonic
                  | ancestry]
   400 | D:1      | Reached XP level 2. HP: 21/24 MP: 3/3
   405 | D:1      | Reached skill level 1 in Dodging
  1150 | D:1      | Gained mutation: You are partially covered in large bone
                  | plates. (SH +4) [demonic ancestry]
  1150 | D:1      | Reached XP level 3. HP: 30/30 MP: 4/4
  1542 | D:2      | Reached XP level 4. HP: 33/37 MP: 5/5
  1595 | D:2      | Found an opulent altar of Gozag.
  1791 | D:2      | Reached ** piety under Lugonu
  1977 | D:2      | Found a hazy altar of Hepliaklqana.
  2591 | D:3      | Reached skill level 4 in Fighting
  2707 | D:3      | Gained mutation: You have razor-sharp toenails. [demonic
                  | ancestry]
  2707 | D:3      | Reached XP level 5. HP: 39/42 MP: 6/6
  3087 | D:3      | Found a runed translucent gate.
  3087 | D:3      | Found a runed translucent gate.
  3087 | D:3      | Found a runed translucent gate.
  3088 | D:3      | Noticed WaxSun's ghost (amateur KoAr)
  3088 | D:3      | Noticed Rennog's ghost (amateur GnWn)
  3088 | D:3      | Noticed SkiChan's ghost (amateur OpTm)
  3424 | D:4      | Noticed a lemure
  3425 | D:4      | Noticed Pikel
  3425 | D:4      | Noticed a lemure
  3425 | D:4      | Noticed a lemure
  3426 | D:4      | Noticed a lemure
  3433 | D:4      | HP: 2/42 [Pikel/+2 whip of electrocution (19)]
  3435 | D:4      | Succumbed to a worker ant's poison

Illustrated notes

Levels and vault maps discovered:
D:1:      ebering_trefoil_twist, layout_basic, minmay_pentomino_z2
D:2:      layout_basic, grunt_gozag_statues, minmay_misc_feat_secret_circle,
          lemuel_tele_altar
D:3:      kennysheep_six_static_rooms, layout_basic, gammafunk_ghost_cemetery,
          serial_bayou_pond_c
D:4:      layout_rooms, minmay_temple_entry_junction_2, uniq_pikel

Skill      XL: |  1  2  3  4 |
---------------+-------------+-----
Dodging        | 1 |  1.4
Armour         | 2 |  2.6
Long Blades    | 2 3 |  3.6
Fighting       | 4 |  4.1
Shields        | |  0.5
Invocations    | |  2.5

Action                   |  1- 3 |  4- 6 || total
-------------------------+-------+-------++-------
Melee: Falchion          |   109 |   192 ||   301
       Kick              |     4 |       ||     4
Invok: Depart the Abyss  |     1 |       ||     1
  Use: Scroll            |       |     1 ||     1
Armor: Leather armour    |    14 |       ||    14
       Plate armour      |    55 |   172 ||   227
Dodge: Dodged            |    64 |    29 ||    93
Block: Other             |     7 |    31 ||    38
       Tower shield      |       |    64 ||    64
       Rpst.: Falchion   |    16 |    13 ||    29

Table legend: (Time is in decaauts)
 A = Elapsed time spent in this place.
 B = Non-inter-level travel time spent in this place.
 C = Inter-level travel time spent in this place.
 D = Time resting spent in this place.
 E = Time spent auto-exploring this place.
 F = Levels seen in this place.
 G = Mean time per level.
                   A        B        C        D        E       F      G
               +--------+--------+--------+--------+--------+-----+--------+
         Total |   3494 |   3412 |     82 |      0 |   2794 |   5 |  698.8 |
       Dungeon |   3357 |   3275 |     82 |      0 |   2685 |   4 |  839.2 |
         Abyss |    137 |    137 |      0 |      0 |    109 |   1 |  137.0 |
               +--------+--------+--------+--------+--------+-----+--------+

Top non-repeatable levels by time:
     D:1: 1245 daAuts
     D:3: 1082 daAuts
     D:2: 1017 daAuts
 Abyss:1: 137 daAuts
     D:4: 12 daAuts
